 Dungeon Crawl Stone Soup version 0.21-a0-591-g2314aa1 (webtiles) character file.

203 mopl the Caller (level 5, -10/35 HPs)
             Began as a Barachi Summoner on Dec 22, 2017.
             Killed by nerve-wracking pain
             ... invoked by Grinder
              (13 damage)
             ... on level 3 of the Dungeon.
             The game lasted 00:07:07 (3692 turns).

mopl the Caller (Barachi Summoner)                  Turns: 3692, Time: 00:07:08

Health: -10/35     AC:  3    Str:  9    XL:     5   Next: 81%
Magic:  1/10       EV: 12    Int: 16    God:
Gold:   132        SH:  0    Dex: 13    Spells: 2/11 levels left

rFire    . . .     SeeInvis .   j - +0 spear
rCold    . . .     Gourm    .   (no shield)
rNeg     . . .     Faith    .   a - +0 robe
rPois    .         Spirit   .   u - +0 helmet
rElec    .         Reflect  .   (no cloak)
rCorr    .         Harm     .   (no gloves)
MR       .....                  (no boots)
Stlth    ++........             f - amulet of rage
HPRegen  0.11/turn              (no ring)
MPRegen  0.12/turn              (no ring)

@: slow
A: +LOS, swims, slowness 1, strong legs 1
a: Hop, Evoke Berserk Rage


You were on level 3 of the Dungeon.
You were hungry.

You visited 1 branch of the dungeon, and saw 4 of its levels.

You collected 132 gold pieces.

Inventory:

Hand Weapons
 j - a +0 spear (weapon)
 t - a +0 dagger of draining
Armour
 a - a +0 robe (worn)
 l - a +0 helmet
 u - a +0 helmet (worn)
Jewellery
 f - an amulet of rage (around neck)
Scrolls
 e - 2 scrolls of enchant weapon {unknown}
 g - 2 scrolls of noise {unknown}
 i - a scroll of fear {unknown}
 k - a scroll of identify {unknown}
 m - a scroll of immolation {unknown}
 p - a scroll of amnesia {unknown}
 s - a scroll of fog {unknown}
Potions
 d - 2 potions of curing {unknown}
 h - 2 potions of heal wounds {unknown}
 n - a potion of magic {unknown}
 q - a potion of invisibility
 r - a potion of might {unknown}
Books
 b - a book of Callings

   Spells                             Type                      Level
   a - Summon Small Mammal            Summoning                    1
   b - Call Imp                       Summoning                    2
   c - Call Canine Familiar           Summoning                    3
   d - Summon Guardian Golem          Hexes/Summoning              3
   e - Summon Lightning Spire         Summoning/Air                4
   f - Summon Ice Beast               Ice/Summoning                4
Comestibles
 c - 7 rations


   Skills:
 - Level 2.1 Dodging
 - Level 1.7 Stealth
 + Level 3.8 Spellcasting
 * Level 7.3 Summonings


You had 2 spell levels left.
You knew the following spells:

 Your Spells              Type           Power        Failure   Level  Hunger
a - Summon Small Mammal   Summ           ####         1%          1    None
b - Call Imp              Summ           ####....     1%          2    ##.....
c - Call Canine Familiar  Summ           ####....     2%          3    ###....
g - Summon Guardian Gole  Hex/Summ       ##......     12%         3    ###....


Dungeon Overview and Level Annotations

Branches:
Dungeon (4/15)
 Temple: D:4-7

Altars:
Makhleb
Yredelemnul

Annotations:
D:3 Grinder
D:4 Eustachio


Innate Abilities, Weirdness & Mutations

Shadows flee at your approach. (+LOS)
You can swim through water.
You cover ground slowly.
You can hop short distances.


Message History

The ufetubus misses you. x2
Your hound completely misses the ufetubus.
There is a stone staircase leading up here.
The ufetubus closely misses you. The ufetubus hits you.
Your hound barely misses the ufetubus.
The ufetubus closely misses you. The ufetubus hits you.
Something closely misses your hound.
You climb upwards.
Level annotation: Grinder Grinder gestures at you.
Pain shoots through your body!
* * * LOW HITPOINT WARNING * * *
There is a stone staircase leading down here.
Casting: Call Imp
Confirm with . or Enter, or press ? or * to list all spells.
You are feeling hungry.
Your hound barely misses Grinder.
Your hound completely misses Grinder.
Your hound barely misses Grinder.
Grinder gestures at you. Pain shoots through your body!
You die...

############.###....
#........#.....#....
#..........#........
#...................
#...................
####................
#................
#####.h..............
#...@.5..............
#.###>..............<
.. ##...............
#.8 #.......#.....#.
#. #.##.#..##.####.
.. ... ....##..5...
#. #.. ###..####5#. #
#..# .# #... ... ###.


You could see Grinder and a friendly hound.

Vanquished Creatures
  A hound (D:2)
  Terence (D:2)
  A worm (D:2)
  2 dart slugs (D:2)
  An orc (D:3)
  2 giant cockroaches (D:1)
  3 goblins
  7 hobgoblins
  A quokka (D:2)
  4 bats
  3 frilled lizards
  A gnoll zombie (D:2)
  2 rats
29 creatures vanquished.

Vanquished Creatures (collateral kills)
  A scorpion (D:4)
  An orc priest (D:4)
  An orc wizard (D:3)
  Natasha (twice) (D:2)
  Robin (D:2)
  An adder (D:3)
  An ooze (D:1)
  5 orcs
  2 giant cockroaches
  10 goblins
  4 hobgoblins
  4 jackals (D:1)
  A kobold (D:1)
  A quokka (D:2)
  5 bats
  A frilled lizard (D:3)
  A gnoll zombie (D:2)
42 creatures vanquished.

Grand Total: 71 creatures vanquished

Notes
Turn   | Place    | Note
-------+----------+-------------------------------------------
     0 | D:1      | mopl the Barachi Summoner began the quest for the Orb.
     0 | D:1      | Reached XP level 1. HP: 13/13 MP: 3/3
   105 | D:1      | Reached skill level 5 in Summonings
   491 | D:1      | Reached XP level 2. HP: 11/19 MP: 0/5
   978 | D:1      | Learned a level 2 spell: Call Imp
  1053 | D:2      | Noticed Natasha
  1062 | D:2      | Killed Natasha
  1062 | D:2      | Reached XP level 3. HP: 9/24 MP: 1/7
  1067 | D:2      | Learned a level 3 spell: Call Canine Familiar
  1325 | D:2      | Noticed Terence
  1348 | D:2      | Killed Terence
  1348 | D:2      | Reached skill level 3 in Spellcasting
  1348 | D:2      | Reached skill level 6 in Summonings
  1418 | D:2      | Reached XP level 4. HP: 26/30 MP: 3/8
  1419 | D:2      | Found a burning altar of Makhleb.
  1426 | D:2      | Learned a level 3 spell: Summon Guardian Golem
  1525 | D:2      | Found a basalt altar of Yredelemnul.
  1943 | D:2      | Noticed Robin
  1943 | D:2      | Noticed Natasha
  1976 | D:2      | Killed Robin
  1994 | D:2      | Killed Natasha
  1996 | D:2      | HP: 1/30 [hobgoblin/club[Robin] (1)]
  2329 | D:2      | Reached XP level 5. HP: 30/35 MP: 10/10
  2511 | D:3      | Noticed Grinder
  2520 | D:3      | Paralysed by Grinder for 7 turns
  2661 | D:3      | Paralysed by Grinder for 6 turns
  2687 | D:3      | Paralysed by Grinder for 4 turns
  3005 | D:3      | Reached skill level 7 in Summonings
  3676 | D:4      | Noticed Eustachio
  3692 | D:3      | Killed from afar by Grinder

Vault maps used:
D:1:      dpeg_arrival_rooms_b, minmay_misc_feat_tower
D:2:      lemuel_zombie_altar_yredelemnul, makhleb_heckhound_becter, uniq_robin,
          uniq_natasha, uniq_terence
D:3:      first_ration, grunt_gozag_statues, uniq_grinder
D:4:      uniq_eustachio, uniq_pikel

Skill      XL: |  1  2  3  4  5 |
---------------+----------------+-----
Summonings     | 5 6 7 |  7.3
Spellcasting   | 3 |  3.8
Dodging        | |  2.1
Stealth        | |  1.7

Action                   |  1- 3 |  4- 6 || total
-------------------------+-------+-------++-------
Melee: Unarmed           |    39 |       ||    39
       Spear             |    34 |   132 ||   166
 Cast: Summon Small Mamm |    20 |     3 ||    23
       Call Imp          |     7 |    27 ||    34
       Call Canine Famil |       |     8 ||     8
 Stab: Sleeping          |     1 |     4 ||     5
       Distracted        |       |     1 ||     1
  Eat: Chunk             |     2 |    10 ||    12
Armor: Robe              |    12 |    36 ||    48
Dodge: Dodged            |    65 |    85 ||   150

Table legend:
 A = Spawn XP
 B = Non-spawn XP
 C = Spawn XP percentage of total XP
 D = Spawn monster count
 E = Non-spawn monster count
 F = Spawn count percentage of total count
 G = Total turns spent on level
                    A         B        C        D         E        F      G
               +---------+---------+-------+---------+---------+-------+---------
         Total |       0 |     290 |   0.0 |       0 |      71 |   0.0 |  3692
               +---------+---------+-------+---------+---------+-------+---------
           D:1 |       0 |      24 |   0.0 |       0 |      18 |   0.0 |  1010
           D:2 |       0 |     145 |   0.0 |       0 |      35 |   0.0 |  1871
           D:3 |       0 |      52 |   0.0 |       0 |      14 |   0.0 |   320
           D:4 |       0 |      69 |   0.0 |       0 |       4 |   0.0 |   491
               +---------+---------+-------+---------+---------+-------+---------
